 Dungeon Crawl Stone Soup version 0.25.1-1-g288607f5aa (webtiles) character file.

Game seed: 1397225266453784384

64338 protoss039 the Eclecticist (level 14, -17/92 HPs)
             Began as a Deep Elf Earth Elementalist on July 20, 2020.
             Was a High Priest of Vehumet.
             Killed from afar by an orc sorcerer (36 damage)
             ... with a bolt of negative energy
             ... led by an orc knight
             ... on level 2 of the Orcish Mines on July 21, 2020.
             The game lasted 03:05:12 (29249 turns).

protoss039 the Eclecticist (DEEE)                  Turns: 29249, Time: 03:05:19

Health: -17/92     AC:  8    Str:  5    XL:     14   Next: 71%
Magic:  3/39       EV: 13    Int: 26    God:    Vehumet [*****.]
Gold:   2409       SH:  6    Dex: 15    Spells: 17/52 levels left

rFire    . . .     SeeInvis .   c - staff of wizardry
rCold    + . .     Gourm    .   T - +0 buckler
rNeg     . . .     Faith    .   A - +0 steam dragon scales
rPois    .         Spirit   .   M - +0 helmet
rElec    .         Reflect  .   x - +0 cloak
rCorr    .         Harm     .   (no gloves)
MR       +....                  (no boots)
Stlth    ++........             Q - amulet of the acrobat
HPRegen  0.25/turn              E - +4 ring of slaying
MPRegen  0.26/turn              h - ring of protection from cold

@: very slightly contaminated, studying 2 skills, drained
A: no striking features
a: Renounce Religion


You were on level 2 of the Orcish Mines.
You worshipped Vehumet.
Vehumet was extremely pleased with you.
You were not hungry.

You visited 4 branches of the dungeon, and saw 22 of its levels.
You also visited: Bailey.

You collected 3089 gold pieces.
You spent 680 gold pieces at shops.

Inventory:

Hand Weapons
 K - the +9 halberd of Doom {venom, SInv}
   (You found it on level 11 of the Dungeon)

   It poisons the flesh of those it strikes.
   It lets you see invisible.
Missiles
 b - 323 stones (quivered)
Armour
 x - a +0 cloak (worn)
 A - +0 steam dragon scales (worn)
 C - a +0 kite shield
 M - a +0 helmet (worn)
 T - a +0 buckler (worn)
Magical Staves
 c - an uncursed staff of wizardry (weapon)
 L - an uncursed staff of earth
Jewellery
 h - a ring of protection from cold (right hand)
 E - a +4 ring of slaying (left hand)
 I - an uncursed ring of flight
 Q - an amulet of the acrobat (around neck)
Wands
 y - a wand of iceblast (7)
 F - a wand of paralysis (20)
 H - a wand of polymorph (10)
 P - a wand of disintegration (38)
 R - a wand of flame (24)
Scrolls
 a - a scroll of blinking
 f - 5 scrolls of enchant armour
 g - 2 scrolls of fog
 i - 5 scrolls of enchant weapon
 j - 5 scrolls of remove curse
 k - 2 scrolls of fear
 p - 5 scrolls of teleportation
 s - 2 scrolls of amnesia
 u - 6 scrolls of magic mapping
Potions
 l - 2 potions of haste {unknown}
 m - 2 potions of flight {unknown}
 n - 2 potions of invisibility {unknown}
 o - 5 potions of curing
 q - 5 potions of might
 r - 3 potions of berserk rage {unknown}
 t - 5 potions of lignification
 w - 3 potions of magic
 z - a potion of brilliance {unknown}
 D - 2 potions of resistance {unknown}
 J - a potion of ambrosia {unknown}
 O - 4 potions of heal wounds
Books
 e - a manual of Fighting
 G - a manual of Shields
Comestibles
 d - 41 rations
 v - 4 chunks of flesh


   Skills:
 - Level 12.0(11.2) Fighting
 - Level 4.0(3.3) Armour
 - Level 3.0(2.3) Dodging
 - Level 3.0(2.3) Stealth
 * Level 9.8(9.0) Shields
 + Level 19.7(18.8) Spellcasting
 + Level 7.7(7.0) Conjurations
 - Level 8.0(7.2) Summonings
 - Level 2.0(1.3) Transmutations
 - Level 4.0(3.3) Ice Magic
 - Level 12.0(11.1) Earth Magic


You had 17 spell levels left.
You knew the following spells:

 Your Spells              Type           Power        Failure   Level  Hunger
a - Sandblast             Erth           ######       0%          1    None
b - Passwall              Tmut/Erth      ######..     1%          2    None
c - Stone Arrow           Conj/Erth      ######       1%          3    None
d - Petrify               Tmut/Erth      ######..     1%          4    None
e - Lee's Rapid Deconstr  Erth           ######....   1%          5    None
f - Frozen Ramparts       Ice            #####.       1%          3    None
g - Iron Shot             Conj/Erth      ######....   1%          6    ###....
h - Ice Form              Ice/Tmut       #####...     2%          4    None
i - Spellforged Servitor  Conj/Summ      ######....   10%         7    #####..

Your spell library contained the following spells:

 Spells                   Type           Power        Failure   Level  Hunger
 Lightning Bolt           Conj/Air       #####.....   1%          5    None
 Beastly Appendage        Tmut           ####..       1%          1    None
 Blink                    Tloc           N/A          1%          2    None
 Shroud of Golubria       Chrm/Tloc      ###...       1%          2    None
 Sticks to Snakes         Tmut           ####....     1%          2    None
 Swiftness                Chrm/Air       ###.....     1%          2    None
 Spider Form              Tmut/Pois      ####......   1%          3    None
 Gell's Gravitas          Tloc           ###.......   2%          3    None
 Lesser Beckoning         Tloc           ###.......   2%          3    None
 Teleport Other           Tloc           ###.....     2%          3    None
 Passage of Golubria      Tloc           N/A          8%          4    None
 Blade Hands              Tmut           ####......   12%         5    None
 Darkness                 Hex            ###.......   71%         6    ###....
 Invisibility             Hex            ###.....     71%         6    ###....


Dungeon Overview and Level Annotations

Branches:
Dungeon (13/15)            Temple (1/1) D:7            Lair (6/6) D:9
 Shoals (0/4) Lair:4       Spider (0/4) Lair:2        Slime (0/5) Lair:6
    Orc (2/2) D:10            Elf (0/3) Orc:2        Bailey (visited)
 Vaults: D:13-14

Altars:
Ashenzari
Cheibriados
Dithmenos
Elyvilon
Fedhas
Gozag
Hepliaklqana
Kikubaaqudgha
Makhleb
Nemelex Xobeh
Okawaru
Qazlal
Ru
Sif Muna
Trog
Uskayaw
Vehumet
Wu Jian
Xom
Yredelemnul
Zin
The Shining One
Beogh
Jiyva
Lugonu

Shops:
D:5 *   D:8 *   D:10 (   Orc:1 ?

Annotations:
D:6 1 exclusion
D:7 3 exclusions
D:8 2 exclusions
D:12 1 exclusion
D:13 Jorgrun
Lair:2 4 exclusions
Lair:5 2 exclusions
Orc:1 1 exclusion


Message History

Unknown command.
Blink to where?
Press: ? - help, Dir - move target cursor You are very lightly contaminated with residual magic.
As you read the scroll of blinking, it crumbles to dust.
An orc priest comes into view. It is wielding a +0 short sword.
The orc priest shouts!
You hear a shout! x4
The orc priest invokes the aid of Beogh against you.
Pain shoots through your body!
The neqoxec gestures.
Unknown command.
Unknown command.
Unknown command.
The orc priest calls down the wrath of Beogh upon you.
Beogh smites you!
* * * LOW HITPOINT WARNING * * *
The orc wizard barely misses you. The orc sorcerer casts a spell at you.
The bolt of negative energy hits you!!!
You feel drained.
You die...

.o.....................
........)......o..........
........[......#........$.
.o)).o........#.................
o.).......$.o..[....[...........
.............[...$.....#....$...
............).)[.[..............
.#......##))................
#.......##.[@o..............
#........#[..[#.............
...)o.....#...[)............
......#.....#..o...ยง........
.....#...........##........
#.......53...[.........
#.......................
##.#......#....#......##
.#.#$#........#....>..#


You could see a neqoxec (summoned), an orc sorcerer, an orc priest, 2 orc
wizards and an ufetubus (summoned).

Vanquished Creatures
  A fire dragon (Lair:6)
  6 hydras
  Erolcha (Orc:1)
  Harold (D:8)
  2 catoblepae
  A two-headed ogre (D:8)
  2 tengu warriors (D:13)
  An orc high priest (Orc:1)
  Nergalle (D:12)
  Urug (Lair:1)
  A swamp dragon (Lair:6)
  2 orc knights
  A deep elf mage (D:12)
  2 orc sorcerers
  A manticore (D:13)
  8 black mambas
  Maurice (Orc:2)
  2 torpor snails
  4 elephants (Lair:3)
  11 spiny frogs
  4 rime drakes
  3 kobold demonologists (D:12)
  Maggie (D:7)
  9 komodo dragons
  A queen bee (Lair:2)
  A jumping spider (Lair:2)
  5 trolls
  12 polar bears
  A hornet (D:10)
  Prince Ribbit (D:8)
  4 raiju (Lair:6)
  5 slime creatures (D:12)
  8 hippogriffs
  A dream sheep (Lair:6)
  22 blink frogs
  A spriggan (D:8)
  5 wyverns
  8 basilisks
  A wraith (D:12)
  33 yaks
  A shadow (D:12)
  A vampire (D:13)
  Grum (D:8)
  3 steam dragons
  4 wargs (Lair:6)
  13 hell hounds (Lair:6)
  A nameless horror (Orc:1)
  14 water moccasins
  5 porcupines
  26 orc warriors
  2 phantoms
  2 sky beasts
  2 swamp drakes (Lair:6)
  12 black bears
  An ice beast (D:12)
  10 ogres
  4 centaurs
  An eye of draining (D:9)
  18 wolves
  13 crocodiles
  11 bullfrogs
  5 big kobolds
  A gnoll sergeant (D:10)
  2 scorpions
  28 killer bees (Lair:2)
  An electric eel (Lair:2)
  7 wights
  3 vampire bats (D:9)
  2 quasits
  4 howler monkeys
  2 bullfrog zombies
  5 crimson imps
  6 centaur zombies
  2 gnoll shamans
  3 jellies
  20 orc wizards
  2 bullfrog skeletons
  14 orc priests
  A centaur skeleton (D:6)
  5 hounds
  8 iguanas
  10 worker ants
  2 killer bee zombies
  4 hound zombies
  A hound skeleton (D:6)
  2 howler monkey zombies (D:6)
  3 worker ant zombies
  14 gnolls
  A howler monkey skeleton (D:11)
  10 adders
  3 shadow imps
  2 oozes
  3 adder zombies
  A worm (D:2)
  A dart slug (D:1)
  8 leopard geckos
  95 orcs
  4 giant cockroaches
  9 goblins
  4 hobgoblins
  14 jackals
  33 kobolds
  3 quokkas
  2 ball pythons
  14 bats
  5 frilled lizards
  A giant cockroach zombie (D:6)
  A jackal zombie (D:6)
  A leopard gecko skeleton (D:6)
  2 quokka skeletons
  A quokka zombie (D:7)
  5 rats
701 creatures vanquished.

Vanquished Creatures (collateral kills)
  A troll (Orc:2)
  A warg (Orc:2)
  7 orc warriors
  An ogre (Orc:1)
  2 orc priests (Orc:2)
  3 orc wizards
  2 gnolls (Orc:1)
  4 orcs
21 creatures vanquished.

Vanquished Creatures (others)
  A polar bear (Lair:6)
  2 bushes (D:9)
  A demonic plant (D:12)
  11 fungi
  33 plants
48 creatures vanquished.

Grand Total: 770 creatures vanquished

Notes
Turn   | Place    | Note
-------+----------+-------------------------------------------
     0 | D:1      | protoss039 the Deep Elf Earth Elementalist began the quest
                  | for the Orb.
     0 | D:1      | Reached XP level 1. HP: 10/10 MP: 6/6
   260 | D:1      | Reached XP level 2. HP: 11/15 MP: 1/8
  1221 | D:1      | Reached XP level 3. HP: 19/19 MP: 9/9
  1249 | D:1      | Learned a level 2 spell: Passwall
  1253 | D:1      | Learned a level 3 spell: Stone Arrow
  1795 | D:2      | Found a hazy altar of Hepliaklqana.
  2008 | D:2      | Noticed a water moccasin
  2014 | D:2      | Killed a water moccasin
  2014 | D:2      | Reached skill level 5 in Spellcasting
  2014 | D:2      | Reached skill level 5 in Earth Magic
  2014 | D:2      | Reached XP level 4. HP: 14/24 MP: 9/13
  2014 | D:2      | Reached XP level 5. HP: 16/28 MP: 9/14
  3104 | D:3      | Learned a level 4 spell: Petrify
  3729 | D:3      | Found a shadowy altar of Dithmenos.
  3797 | D:3      | Found a basalt altar of Yredelemnul.
  3798 | D:3      | Found a glowing golden altar of the Shining One.
  3804 | D:3      | Noticed an angel
  3835 | D:3      | Noticed a profane servitor
  4075 | D:4      | Learned a level 5 spell: Lee's Rapid Deconstruction
  4352 | D:4      | Reached XP level 6. HP: 32/32 MP: 12/16
  4358 | D:4      | Reached skill level 6 in Spellcasting
  4993 | D:4      | Found a sparkling altar of Nemelex Xobeh.
  4993 | D:4      | Found an opulent altar of Gozag.
  5208 | D:5      | Entered Level 5 of the Dungeon
  5232 | D:5      | Reached skill level 7 in Spellcasting
  5232 | D:5      | Reached XP level 7. HP: 36/36 MP: 11/19
  5475 | D:5      | Reached skill level 1 in Conjurations
  5520 | D:5      | Found Fewoxt's Assorted Antiques.
  5766 | D:5      | Reached skill level 8 in Spellcasting
  6216 | D:5      | Found a shadowy altar of Dithmenos.
  6928 | D:6      | Reached XP level 8. HP: 41/41 MP: 9/22
  7007 | D:6      | Reached skill level 9 in Spellcasting
  7432 | D:6      | Reached skill level 10 in Spellcasting
  7893 | D:7      | Noticed a hippogriff
  7932 | D:7      | Found a burning altar of Makhleb.
  7960 | D:7      | Killed a hippogriff
  7960 | D:7      | Reached XP level 9. HP: 45/45 MP: 18/25
  8171 | D:7      | Noticed a troll
  8174 | D:7      | Killed a troll
  8285 | D:7      | Reached skill level 11 in Spellcasting
  8335 | D:7      | Found a staircase to the Ecumenical Temple.
  8346 | Temple   | Entered the Ecumenical Temple
  8382 | Temple   | Became a worshipper of Vehumet
  8504 | D:7      | Reached skill level 1 in Armour
  8796 | D:7      | Noticed Maggie
  8799 | D:7      | Killed Maggie
  9053 | D:8      | Noticed Grum
  9057 | D:8      | Reached skill level 10 in Earth Magic
  9155 | D:8      | Noticed a two-headed ogre
  9163 | D:8      | Killed a two-headed ogre
  9163 | D:8      | Reached skill level 12 in Spellcasting
  9163 | D:8      | Reached XP level 10. HP: 37/50 MP: 5/28
  9164 | D:8      | Noticed Prince Ribbit
  9171 | D:8      | Killed Prince Ribbit
  9185 | D:8      | Noticed Harold
  9380 | D:8      | Killed Grum
  9380 | D:8      | Reached * piety under Vehumet
  9380 | D:8      | Offered knowledge of Foxfire by Vehumet.
  9632 | D:8      | Killed Harold
  9632 | D:8      | Reached skill level 13 in Spellcasting
  9807 | D:8      | Found Pyetodom's General Store.
 10291 | D:8      | Reached ** piety under Vehumet
 10408 | D:9      | Offered knowledge of Shock by Vehumet.
 10685 | D:8      | HP: 2/50 [porcupine (14)]
 11068 | D:9      | Found a shattered altar of Ashenzari.
 11332 | D:9      | Reached skill level 14 in Spellcasting
 11434 | D:9      | Offered knowledge of Frozen Ramparts by Vehumet.
 11439 | D:9      | Learned a level 3 spell: Frozen Ramparts
 11533 | D:9      | Reached skill level 1 in Ice Magic
 11533 | D:9      | Reached XP level 11. HP: 54/54 MP: 6/31
 11534 | D:9      | Reached *** piety under Vehumet
 11735 | D:9      | Found a staircase to the Lair.
 12076 | D:10     | Entered Level 10 of the Dungeon
 12709 | D:10     | Found a staircase to the Orcish Mines.
 12723 | D:10     | Found Jebbe's Weapon Shop.
 13067 | D:10     | Found a white marble altar of Elyvilon.
 13175 | D:11     | Noticed a five-headed hydra
 13191 | D:11     | Killed a five-headed hydra
 13191 | D:11     | Reached skill level 15 in Spellcasting
 13191 | D:11     | Offered knowledge of Iskenderun's Mystic Blast by Vehumet.
 13531 | D:11     | Reached **** piety under Vehumet
 13566 | D:11     | Offered knowledge of Dazzling Flash by Vehumet.
 13605 | D:11     | Found a roughly hewn altar of Beogh.
 13694 | D:11     | Noticed a five-headed hydra
 13699 | D:11     | Killed a five-headed hydra
 13699 | D:11     | Reached skill level 16 in Spellcasting
 13708 | D:11     | Found a flagged portal.
 13712 | D:11     | Got a translucent halberd
 13723 | Bailey   | Entered a bailey
 14319 | Bailey   | Noticed an orc knight
 14346 | Bailey   | Killed an orc knight
 14532 | Bailey   | Identified the +9 halberd of Doom {venom, SInv} (You found
                  | it on level 11 of the Dungeon)
 14617 | D:11     | Reached skill level 17 in Spellcasting
 14873 | D:12     | Noticed a deep elf mage
 14876 | D:12     | Killed a deep elf mage
 14876 | D:12     | Reached skill level 1 in Fighting
 14958 | D:12     | Found a corrupted altar of Lugonu.
 15082 | D:12     | Reached XP level 12. HP: 66/66 MP: 26/35
 15302 | D:12     | Noticed Nergalle
 15309 | D:12     | Killed Nergalle
 15309 | D:12     | Reached skill level 5 in Fighting
 15770 | D:12     | Reached ***** piety under Vehumet
 15770 | D:12     | Offered knowledge of Iron Shot by Vehumet.
 16343 | D:12     | Learned a level 6 spell: Iron Shot
 16408 | D:13     | Noticed a tengu warrior
 16412 | D:13     | Killed a tengu warrior
 16582 | D:13     | Noticed a tengu warrior
 16598 | D:13     | Killed a tengu warrior
 16605 | D:13     | Noticed Jorgrun
 16682 | Lair:1   | Entered Level 1 of the Lair of Beasts
 16836 | Lair:1   | Reached skill level 18 in Spellcasting
 17053 | Lair:1   | Noticed an eight-headed hydra
 17061 | Lair:1   | Killed an eight-headed hydra
 17458 | Lair:1   | Found a hazy altar of Hepliaklqana.
 17525 | Lair:1   | Noticed Urug
 17529 | Lair:1   | Killed Urug
 17529 | Lair:1   | Reached skill level 10 in Fighting
 17908 | Lair:2   | Found a hole to the Spider Nest.
 18245 | Lair:2   | Reached XP level 13. HP: 77/84 MP: 0/37
 19614 | Lair:2   | Offered knowledge of Spellforged Servitor by Vehumet.
 19620 | Lair:2   | Learned a level 4 spell: Ice Form
 19628 | Lair:2   | Learned a level 7 spell: Spellforged Servitor
 19806 | Lair:3   | Reached skill level 1 in Shields
 19807 | Lair:3   | Reached skill level 1 in Summonings
 20771 | Lair:3   | Reached skill level 5 in Conjurations
 20924 | Lair:4   | Got a bone mace
 20925 | Lair:4   | Identified the cursed +2 mace "Taptirr" {drain, Str+6
                  | Dex-3} (You found it on level 4 of the Lair of Beasts)
 21234 | Lair:4   | Reached skill level 19 in Spellcasting
 21350 | Lair:4   | Found a staircase to the Shoals.
 22145 | Lair:5   | Reached skill level 5 in Shields
 22160 | Lair:5   | Identified a scroll of acquirement
 22161 | Lair:5   | Acquired 830 gold pieces
 22542 | Lair:5   | Found a shimmering altar of Xom.
 22724 | Lair:5   | Reached skill level 5 in Summonings
 22969 | Lair:6   | Entered Level 6 of the Lair of Beasts
 23405 | D:5      | Bought a smoky brown potion for 24 gold pieces
 23405 | D:5      | Bought 3 scrolls of identify for 162 gold pieces
 23515 | D:8      | Bought a scroll of identify for 26 gold pieces
 23515 | D:8      | Bought 2 potions of heal wounds for 130 gold pieces
 23515 | D:8      | Bought a scroll of identify for 26 gold pieces
 23838 | Lair:6   | Reached XP level 14. HP: 92/92 MP: 28/39
 24402 | Lair:6   | Offered knowledge of Freezing Cloud by Vehumet.
 24508 | Lair:6   | Found a viscous altar of Jiyva.
 24508 | Lair:6   | Found a staircase to the Slime Pits.
 27509 | Orc:1    | Entered Level 1 of the Orcish Mines
 27512 | Orc:1    | Noticed Erolcha
 27710 | Orc:1    | Killed Erolcha
 28383 | Orc:1    | Found a roughly hewn altar of Beogh.
 28405 | Orc:1    | Offered knowledge of Lightning Bolt by Vehumet.
 28556 | Orc:1    | Found Quufaebu's Magic Scroll Boutique.
 28575 | Orc:1    | Bought a scroll of magic mapping for 42 gold pieces
 28575 | Orc:1    | Bought a scroll of magic mapping for 42 gold pieces
 28575 | Orc:1    | Bought a scroll of fog for 24 gold pieces
 28575 | Orc:1    | Bought a scroll of enchant armour for 90 gold pieces
 28575 | Orc:1    | Bought a scroll of identify for 24 gold pieces
 28575 | Orc:1    | Bought a scroll of enchant armour for 90 gold pieces
 28831 | Orc:2    | Entered Level 2 of the Orcish Mines
 28971 | Orc:2    | Noticed Maurice
 28973 | Orc:2    | Paralysed by Maurice for 4 turns
 28981 | Orc:2    | Killed Maurice
 29013 | Orc:2    | Paralysed by an orc sorcerer for 2 turns
 29017 | Orc:2    | Found a staircase to the Elven Halls.
 29249 | Orc:2    | Killed from afar by an orc sorcerer

Illustrated notes

Levels and vault maps discovered:
D:1:      lemuel_arrival_funnel, layout_basic, minivault_26, skrybe_limestone_x,
          lemuel_flame_loot_1
D:2:      layout_loops_ring, lemuel_coloured_pillars_altar, first_ration
D:3:      layout_basic, grunt_temple_overflow_holy_war,
          nicolae_overflow_hidden_temple
D:4:      layout_basic, grunt_temple_overflow_opulence
D:5:      cheibrodos_thug_alley, layout_gridville, serial_shops,
          kennysheep_mini, nicolae_dithmenos_the_darkroom
D:6:      layout_rooms, serial_undead, serial_undead_d, serial_undead_a,
          serial_undead_c, serial_undead_f, serial_undead_c, serial_undead_e,
          minmay_manual_macuahuitl
D:7:      layout_loops_ring, lemuel_doored_altar,
          minmay_temple_entry_statues_pillars, uniq_maggie
D:8:      layout_rooms, serial_shops, shop, minmay_misc_feat_enclosed,
          grunt_pizzeria, minmay_misc_feat_x, uniq_prince_ribbit1, uniq_grum,
          uniq_harold
D:9:      layout_loops_ring, kennysheep_little_box, minmay_lair_entry_grove,
          roderic_batcave
D:10:     layout_basic, orc_david_3, elyvilon_altar_5
D:11:     layout_roguey [special_room_orc], enter_bailey_2
D:12:     kennysheep_kobold_lugonu_temple, layout_basic, uniq_sonja,
          uniq_nergalle
D:13:     layout_loops_ring, uniq_jorgrun
Temple:   jpeg_temple_clearing
Lair:1:   layout_layer_cave, basic_altar, uniq_urug
Lair:2:   regret_index_combs_of_tragedy, layout_regular_city,
          spider_nest_entry_rubble, serial_bayou_pond_b
Lair:3:   layout_big_grid, chequers_serial_rivers_micro_b
Lair:4:   layout_regular_city, elwin_shoals_entry_rocks
Lair:5:   layout_roguey, basic_altar
Lair:6:   hangedman_lair_caniforms_friends, layout_misc_corridors,
          guppyfry_lair_end_dragon, slime_altar_1
Orc:1:    layout_caves, serial_shops, nicolae_shop_waterfront,
          kennysheep_orc_chapel, uniq_fannar, uniq_erolcha
Orc:2:    st_orc_congregation, layout_caves, chequers_guarded_unrand_ignorance,
          uniq_maurice

Skill      XL: |  1  2  3  4  5  6  7  8  9 10 11 12 13 14 |
---------------+-------------------------------------------+-----
Stealth        | 3 |  3.0
Dodging        | 3 |  3.0
Earth Magic    | 5 6 7 8 10 11 12 | 12.0
Spellcasting   | 5 7 8 10 12 14 17 18 19 | 19.7
Conjurations   | 2 3 4 6 7 |  7.7
Transmutations | 2 |  2.0
Armour         | 2 4 |  4.0
Ice Magic      | 1 4 |  4.0
Fighting       | 3 10 12 | 12.0
Shields        | 6 9 |  9.8
Summonings     | 5 8 |  8.0

Action                   |  1- 3 |  4- 6 |  7- 9 | 10-12 | 13-15 || total
-------------------------+-------+-------+-------+-------+-------++-------
Melee: Unarmed           |     4 |       |       |       |       ||     4
       Short sword       |    14 |       |       |       |       ||    14
       Dagger            |    39 |    54 |    26 |    28 |       ||   147
       Staff             |       |       |       |     8 |    11 ||    19
       Halberd           |       |       |       |     4 |     8 ||    12
 Cast: Sandblast         |    34 |    51 |    38 |    72 |    77 ||   272
       Stone Arrow       |       |    15 |    82 |    81 |    63 ||   241
       Lee's Rapid Decon |       |     1 |    14 |   189 |   115 ||   319
       Petrify           |       |       |     1 |     6 |     7 ||    14
       Iron Shot         |       |       |       |    20 |   182 ||   202
       Frozen Ramparts   |       |       |       |       |     1 ||     1
       Spellforged Servi |       |       |       |       |     8 ||     8
       Ice Form          |       |       |       |       |     1 ||     1
 Abil: End Transformatio |       |       |       |       |     1 ||     1
Evoke: Wand              |       |       |       |     3 |       ||     3
  Use: Scroll            |       |     7 |     4 |     4 |    16 ||    31
       Potion            |       |       |     1 |       |     4 ||     5
 Stab: Sleeping          |     4 |     6 |       |       |       ||    10
  Eat: Chunk             |     3 |    11 |    10 |    34 |    38 ||    96
       Ration            |       |       |     1 |       |     2 ||     3
Armor: Robe              |    15 |     6 |     4 |       |       ||    25
       Troll leather arm |       |       |       |    27 |     6 ||    33
       Steam dragon scal |       |       |       |       |    12 ||    12
Dodge: Dodged            |    79 |    52 |    37 |    78 |    76 ||   322
Block: Buckler           |       |       |       |       |    26 ||    26
